Map: Persephone LE

Players

ManlyManMeat - Winner!

  • Race: Protoss Protoss
  • Spawn Location: 7:00

IronHawk

  • Race: Protoss Protoss
  • League: Silver
  • Spawn Location: 11:00

VOD

Have the link to the VOD?

Description

Time

  • Played on: May 16, 2025, 6:38 a.m.
  • Length: 6:37
Show
View Real Time Build Order
Export as new Build Order

ManlyManMeat Protoss - Winner!

Build Orders:  

Get SALT Encoding   

  12  0:04  Probe  
  13  0:16  Probe  
  13  0:19  Pylon  
  14  0:25  Probe  
  14  0:33  Probe  
  15  0:38  Gateway  
  16  0:45  Assimilator  
  16  0:46  Probe  
  17  1:01  Gateway  
  17  1:05  Probe  
  18  1:17  Probe  
  19  1:26  Zealot  
  19  1:30  Cybernetics Core  
  21  1:36  Pylon  
  21  1:53  Zealot  
  23  1:55  Zealot  
  23  1:57  Probe  
  26  2:09  Robotics Facility  
  26  2:23  Assimilator  
  26  2:29  Stalker  
  28  2:46  Warp Gate, Stalker  
  28  2:50  Nexus  
  30  3:16  Probe  
  31  3:25  Pylon  
  31  3:43  Probe  
  31  3:46  Observer  
  31  3:47  Stalker x2  
  37  4:01  Probe  
  37  4:03  Pylon  
  37  4:09  Probe  
  38  4:14  Stalker  
  38  4:15  Stalker  
  39  4:20  Probe  
  39  4:22  Assimilator  
  44  4:25  Probe  
  45  4:31  Warp Prism  
  45  4:32  Probe  
  45  4:37  Probe  
  49  5:02  Observer  
  49  5:03  Probe  
  49  5:04  Probe  
  51  5:08  Observer, Gateway  
  51  5:10  Gateway  
  51  5:11  Observer  
  51  5:12  Gateway  
  51  5:15  Probe  
  51  5:46  Stalker x2  
  53  6:03  Probe x2  
  55  6:15  Probe  
  56  6:25  Pylon  
  56  6:26  Pylon  
Show
View Real Time Build Order
Export as new Build Order

IronHawk Protoss 

Build Orders:  

Get SALT Encoding   

  12  0:13  Pylon  
  12  0:23  Probe  
  13  0:35  Probe  
  14  0:47  Probe  
  15  0:54  Forge  
  15  0:59  Gateway  
  15  1:02  Probe  
  15  1:11  Probe  
  16  1:15  Assimilator  
  16  1:16  Assimilator  
  17  1:20  Probe  
  17  1:25  Pylon  
  19  1:32  Probe  
  19  1:52  Probe  
  20  1:56  Photon Cannon  
  20  2:04  Probe  
  21  2:17  Probe  
  22  2:29  Probe  
  23  2:30  Nexus  
  23  2:40  Pylon  
  23  2:59  Probe  
  23  3:04  Cybernetics Core  
  24  3:11  Probe  
  25  3:14  Photon Cannon  
  25  3:16  Photon Cannon  
  25  3:19  Probe  
  26  3:37  Photon Cannon  
  26  3:40  Photon Cannon  
  26  3:45  Photon Cannon  
  26  3:49  Stargate  
  26  3:53  Stargate  
  26  4:03  Pylon  
  26  4:25  Photon Cannon  
  26  4:28  Photon Cannon x2  
  30  4:41  Void Ray  
  30  4:52  Void Ray  
  33  5:28  Pylon  
  33  5:33  Pylon  
  37  5:52  Void Ray  
  41  5:57  Pylon, Void Ray  
  41  6:00  Pylon  
  41  6:07  Nexus  
  41  6:13  Pylon  
  41  6:15  Pylon  
  41  6:22  Photon Cannon  
  33  6:34  Robotics Facility  
Tags
 
League
Silver
Matchup
PvP
Spawn Locations
Close Positions
Add a new tag
Caveats
  • Supply blocks, unpowered buildings, or Contaminate may cause inaccurate times.
  • Supply counts are checked every 10 seconds.